 Dungeon Crawl Stone Soup version 0.29-a0-284-gf9362112df (webtiles) character file.

Game seed: 14440365288364807095

828 enile the Firebug (level 7, -4/60 HPs)
             Began as a Pale Draconian Fire Elementalist on Mar 31, 2022.
             Was a Priest of Vehumet.
             Shot with an arrow by a centaur (8 damage)
             ... on level 5 of the Dungeon.
             The game lasted 00:06:37 (6079 turns).

enile the Firebug (DrFE)                            Turns: 6079, Time: 00:06:38

Health: -4/60      AC:  6    Str: 17    XL:     7   Next: 64%
Magic:  5/11       EV: 12    Int: 17    God:    Vehumet [***...]
Gold:   88         SH:  0    Dex: 11    Spells: 3/12 levels left

rFire   . . .      SeeInvis .   r - +1 dagger (venom)
rCold   . . .      Faith    .   (no shield)
rNeg    . . .      Spirit   .   (body armour unavailable)
rPois   .          Reflect  .   (helmet restricted)
rElec   .          Harm     .   (no cloak)
rCorr   .          Rampage  .   (no gloves)
Will    .....                   (no boots)
Stlth   ++........              (no amulet)
HPRegen 0.20/turn               p - +6 ring of strength
MPRegen 0.12/turn               (no ring)

@: no status effects
A: breathe steam, AC +6, unfitting armour, cold-blooded, steam resistance
a: Breathe Steam, Renounce Religion


You were on level 5 of the Dungeon.
You worshipped Vehumet.
Vehumet was most pleased with you.
You visited 1 branch of the dungeon, and saw 5 of its levels.

You collected 230 gold pieces.
You spent 142 gold pieces at shops.

Inventory:

Hand Weapons
 e - a +0 spear
 h - a +1 dagger of flaming
 k - a +2 vampiric long sword
 r - a +1 dagger of venom (weapon)
Jewellery
 p - a +6 ring of strength (left hand)
Wands
 l - a wand of iceblast (22)
 q - a wand of polymorph (5)
Scrolls
 b - 2 scrolls of immolation
 c - 4 scrolls of teleportation {unknown}
 j - a scroll of identify
 m - a scroll of fog
 o - a scroll of vulnerability
Potions
 a - a potion of magic
 d - 2 potions of degeneration {unknown}
 f - 3 potions of curing
 g - a potion of attraction {unknown}
 i - a potion of brilliance {unknown}
 n - a potion of lignification
 s - a potion of mutation {unknown}


   Skills:
 + Level 4.9 Fighting
 - Level 3.0 Dodging
 - Level 1.7 Stealth
 - Level 3.0 Spellcasting
 - Level 3.0 Conjurations
 - Level 5.0 Fire Magic
 - Level 4.3 Evocations


You had 3 spell levels left.
You knew the following spells:

 Your Spells              Type           Power      Damage    Failure   Level
a - Foxfire               Conj/Fire      64%        2x1d7     1%          1
b - Scorch                Fire           38%        2d7       1%          2
c - Inner Flame           Hex/Fire       11%        N/A       5%          3
d - Stone Arrow           Conj/Erth      14%        3d7       8%          3

Your spell library contained the following spells:

 Spells                   Type           Power      Damage    Failure   Level
 Conjure Flame            Conj/Fire      16%        6-21      2%          3
 Frozen Ramparts          Ice            4%         1d2       13%         3
 Sublimation of Blood     Necr           2%         N/A       26%         2
 Flame Wave               Conj/Fire      16%        2d6       9%          4
 Irradiate                Conj/Tmut      3%         3d15      52%         5
 Ice Form                 Ice/Tmut       2%         N/A       86%         4
 Petrify                  Tmut/Erth      2%         N/A       86%         4
 Summon Ice Beast         Ice/Summ       2%         N/A       86%         4


Dungeon Overview and Level Annotations

Branches:
Dungeon (5/15)             Temple (0/1) D:4

Altars:
Uskayaw
Vehumet

Shops:
D:3 *   D:4 !

Annotations:
D:3 1 runed translucent door, hgbash's ghost, amateur DsNe


Innate Abilities, Weirdness & Mutations

You can breathe blasts of scalding, opaque steam.
Your pale cyan-grey scales are hard. (AC +6)
You cannot fit into any form of body armour.
You are cold-blooded and may be slowed by cold attacks.
You are immune to the effects of steam.


Message History

You kill the scorpion!
Vehumet accepts your kill.
You feel your power returning.
No target in view!
No target in view!
No target in view!
No target in view!
No target in view!
You start resting.
Magic restored.
You climb downwards.
The centaur shoots an arrow.
The arrow closely misses you.
The centaur shoots an arrow.
The arrow hits you.
There is a stone staircase leading up, spattered with blood here.
Casting: Scorch (safe; 1% risk of failure)
Confirm with . or Enter, or press ? or * to list all spells.
Flames lash the centaur.
The centaur is heavily wounded.
The centaur's fire resistance burns away.
The centaur shoots an arrow.
The arrow completely misses you.
The centaur shoots an arrow.
The arrow barely misses you.
Casting: Scorch (safe; 1% risk of failure)
Confirm with . or Enter, or press ? or * to list all spells.
You can't see any susceptible monsters within range! (Use Z to cast anyway.)
The centaur shoots an arrow.
The arrow hits you!
Casting: Scorch (safe; 1% risk of failure)
Confirm with . or Enter, or press ? or * to list all spells.
Flames lash the centaur.
The centaur is burned terribly!
The centaur is severely wounded.
The centaur shoots an arrow.
The arrow hits you.
The centaur shoots an arrow.
The arrow hits you!
The centaur shoots an arrow.
The arrow hits you!
* * * LOW HITPOINT WARNING * * *
Casting: Scorch (safe; 1% risk of failure)
Confirm with . or Enter, or press ? or * to list all spells.
Flames lash the centaur.
The centaur is burned terribly!
The centaur is almost dead.
The centaur shoots an arrow.
The arrow hits you!
* * * LOW HITPOINT WARNING * * *
The centaur shoots an arrow.
The arrow hits you!
You die...

#.......c........ .......
#................ ..o.....
#.....##......... ##......
...#..##.......... #.......
##.######.........
.#...o.###..##.............
.......##...##g#...........
........#....c.#...........
#....@#.#.##..........
#....####.##...#...##.
#.###.....##......##
#..##............##
##............##...
#>............
............>....
..................
..................


You could see a centaur (combustible) and a gnoll.

Vanquished Creatures
  A water moccasin (D:4)
  A phantom (D:4)
  5 scorpions
  A jelly (D:4)
  2 hounds
  An iguana (D:4)
  Ijyb (D:4)
  An orc wizard (D:4)
  6 adders
  A worm (D:4)
  A dart slug (D:2)
  9 orcs (D:4)
  13 ball pythons
  7 endoplasms
  3 giant cockroaches
  14 goblins
  14 hobgoblins
  3 jackals (D:1)
  9 kobolds
  2 quokkas
  11 bats
  4 frilled lizards
  10 rats
120 creatures vanquished.

Vanquished Creatures (others)
  277 foxfires
  4 toadstools (D:1)
281 creatures vanquished.

Grand Total: 401 creatures vanquished

Notes
Turn   | Place    | Note
-------+----------+-------------------------------------------
     0 | D:1      | enile the Draconian Fire Elementalist began the quest for
                  | the Orb.
     0 | D:1      | Reached XP level 1. HP: 14/14 MP: 3/3
    70 | D:1      | Reached skill level 1 in Fighting
   285 | D:1      | Reached XP level 2. HP: 24/24 MP: 1/5
  1079 | D:1      | Learned a level 2 spell: Scorch
  1105 | D:1      | Reached XP level 3. HP: 31/31 MP: 3/6
  1445 | D:1      | Found a faded altar of an unknown god.
  1599 | D:1      | Prayed at the altar of an unknown god.
  1599 | D:1      | Became a worshipper of Vehumet
  1599 | D:1      | Reached * piety under Vehumet
  1599 | D:1      | Offered knowledge of Magic Dart by Vehumet.
  2448 | D:2      | Found a hide-covered altar of Uskayaw.
  2572 | D:2      | Reached XP level 4. HP: 40/40 MP: 4/7
  3017 | D:3      | Learned a level 3 spell: Inner Flame
  3151 | D:3      | Reached ** piety under Vehumet
  3151 | D:3      | Offered knowledge of Poisonous Vapours by Vehumet.
  3331 | D:3      | Found a runed translucent door.
  3344 | D:3      | Noticed hgbash's ghost (amateur DsNe)
  3345 | D:3      | Noticed a bullfrog
  3556 | D:3      | Found Cyulib's Assorted Antiques.
  3567 | D:3      | Noticed a scorpion
  3581 | D:3      | Killed a scorpion
  3582 | D:3      | Reached XP level 5. HP: 35/46 MP: 3/9
  3708 | D:3      | Bought a potion of curing for 75 gold pieces
  3708 | D:3      | Bought a scroll labelled COSKIL PUXKAL for 25 gold pieces
  3865 | D:4      | Found Voddecs's Distillery.
  3868 | D:4      | Bought a potion of lignification for 42 gold pieces
  3883 | D:4      | Found a staircase to the Ecumenical Temple.
  4102 | D:4      | Reached skill level 1 in Evocations
  4349 | D:4      | Reached XP level 6. HP: 50/52 MP: 4/10
  4646 | D:4      | Offered knowledge of Stone Arrow by Vehumet.
  4651 | D:4      | Learned a level 3 spell: Stone Arrow
  5094 | D:4      | Your scales start taking on a pale cyan-grey colour.
  5094 | D:4      | Reached XP level 7. HP: 59/59 MP: 5/11
  5094 | D:4      | Gained mutation: You are immune to the effects of steam.
                  | [Pale Draconian growth]
  5281 | D:5      | Entered Level 5 of the Dungeon
  5306 | D:5      | Noticed Ijyb
  5604 | D:4      | Reached skill level 4 in Fire Magic
  5611 | D:4      | Reached skill level 5 in Fire Magic
  5872 | D:4      | Reached *** piety under Vehumet
  5931 | D:4      | Killed Ijyb
  6078 | D:5      | HP: 3/60 [centaur/arrow (12)]
  6079 | D:5      | Shot with an arrow by a centaur

Illustrated notes

Levels and vault maps discovered:
D:1:      ldierk_water_garden, layout_rooms, ebering_ecumenical_altar_petrified,
          minmay_cut_off
D:2:      layout_loops_ring, basic_altar, grunt_ministairs_8
D:3:      cheibrodos_greedy_goblins, layout_rooms, ebering_ghost_inner_flame,
          serial_shops, nicolae_shop_statue_plus, minmay_misc_feat_nine_boxes
D:4:      layout_gridville, minmay_temple_entry_stoned_glass, serial_shops,
          nicolae_stop_n_shop_2, minmay_misc_feat_plants, grunt_ministairs_15,
          minmay_pentangle
D:5:      layout_cave_pools, serial_shops, kennysheep_mini_moat, uniq_ijyb

Skill      XL: |  1  2  3  4  5  6  7 |
---------------+----------------------+-----
Fighting       | 1 3 4 |  4.9
Dodging        | 3 |  3.0
Spellcasting   | 3 |  3.0
Evocations     | 2 4 |  4.3
Conjurations   | 2 3 |  3.0
Fire Magic     | 5 |  5.0
Stealth        | |  1.7

Action                   |  1- 3 |  4- 6 |  7- 9 || total
-------------------------+-------+-------+-------++-------
Melee: Unarmed           |     2 |       |       ||     2
       Tailslap          |     3 |     5 |     3 ||    11
       Spear             |    33 |       |       ||    33
       Dagger            |     1 |     6 |    21 ||    28
       Long sword        |       |    45 |     8 ||    53
 Cast: Foxfire           |   100 |    77 |    10 ||   187
       Scorch            |     6 |    30 |     8 ||    44
       Inner Flame       |       |     1 |     4 ||     5
 Abil: Breathe Steam     |       |       |     2 ||     2
Evoke: Wand              |       |     1 |       ||     1
  Use: Scroll            |     1 |     2 |       ||     3
       Potion            |       |       |     1 ||     1
Armor: Skin              |    34 |    26 |    28 ||    88
Dodge: Dodged            |    61 |    46 |    59 ||   166

Table legend: (Time is in decaauts)
 A = Elapsed time spent in this place.
 B = Non-inter-level travel time spent in this place.
 C = Inter-level travel time spent in this place.
 D = Time resting spent in this place.
 E = Time spent auto-exploring this place.
 F = Levels seen in this place.
 G = Mean time per level.
                   A        B        C        D        E       F      G
               +--------+--------+--------+--------+--------+-----+--------+
         Total |   6106 |   5983 |    123 |    294 |   4762 |   5 | 1221.2 |
       Dungeon |   6106 |   5983 |    123 |    294 |   4762 |   5 | 1221.2 |
               +--------+--------+--------+--------+--------+-----+--------+

Top non-repeatable levels by time:
     D:4: 2138 daAuts
     D:1: 1609 daAuts
     D:2: 1369 daAuts
     D:3: 899 daAuts
     D:5: 90 daAuts
